 Dungeon Crawl Stone Soup version 0.18.1-5-g4a78601 (webtiles) character file.

174 Implojin the Insei (level 5, -2/41 HPs)
             Began as a Mummy Monk on May 13, 2016.
             Slain by a hobgoblin
             ... wielding a +0 club
             ... led by Robin
              (5 damage)
             ... on level 3 of the Dungeon.
             The game lasted 00:09:07 (4654 turns).

Implojin the Insei (Mummy Monk)                     Turns: 4654, Time: 00:09:07

Health: -2/41      AC:  1    Str: 14    XL:     5   Next: 28%
Magic:  5/5        EV: 13    Int:  9    God:
Gold:   286        SH:  0    Dex: 16    Spells: 0 memorised, 4 levels left

rFire  x . .     SeeInvis .       - Unarmed
rCold  + . .     Gourm    .     (no armour)
rNeg   + + +     Faith    .     (no shield)
rPois  ∞         Spirit   .     (no helmet)
rElec  .         Dismiss  .     h - +0 cloak
rCorr  .         Reflect  .     (no gloves)
SustAt .         Harm     .     (no boots)
MR     .....                    (no amulet)
Stlth  ++........               (no ring)
                                (no ring)

@: not resistant to hostile enchantments, unstealthy
A: no food or potions, fire vulnerability, cold resistance 1, negative energy
resistance 3, torment resistance, unbreathing
a: no special abilities


You were on level 3 of the Dungeon.
You were not hungry.

You visited 1 branch of the dungeon, and saw 4 of its levels.

You collected 286 gold pieces.

Inventory:

Armour
 h - a +0 cloak (worn)
Scrolls
 b - a scroll of teleportation {unknown}
 c - a scroll of remove curse {unknown}
 d - a scroll of immolation {unknown}
 e - 3 scrolls of identify {unknown}
 g - a scroll of enchant armour {unknown}
Comestibles
 a - a royal jelly
 f - 2 bread rations (quivered)


   Skills:
 - Level 3.0 Fighting
 - Level 2.4 Dodging
 - Level 1.5 Stealth
 * Level 5.5 Unarmed Combat


You had 4 spell levels left.
You didn't know any spells.

Dungeon Overview and Level Annotations

Branches:
Dungeon (4/15)
 Temple: D:4-7

Altars:
Gozag
Nemelex Xobeh
Vehumet

Annotations:
D:2 4 exclusions, Natasha
D:4 Robin


Innate Abilities, Weirdness & Mutations

You do not eat or drink.
Your flesh is vulnerable to fire.
You are immune to poison.
Your flesh is cold resistant.
You are immune to negative energy.
You are immune to unholy pain and torment.
You can survive without breathing.


Message History

Unknown command.
Unknown command.
Unknown command.
The goblin hits you. Robin hits you from afar with a spear!
* * * LOW HITPOINT WARNING * * *
The goblin hits you with a dagger.
* * * LOW HITPOINT WARNING * * *
The hobgoblin hits you with a club.
* * * LOW HITPOINT WARNING * * *
You climb upwards.
There is a stone staircase leading down here.
Unknown command.
Read which item? (? for menu, Esc to quit)
Okay, then.
Read which item? (? for menu, Esc to quit)
Okay, then.
You closely miss the goblin. The goblin misses you. x3
The hobgoblin hits you with a club.
* * * LOW HITPOINT WARNING * * *
You hit the goblin.
The goblin is moderately wounded.
The goblin misses you. The goblin closely misses you.
The goblin barely misses you.
The hobgoblin hits you but does no damage.
Unknown command.
You closely miss the goblin.
The goblin is moderately wounded.
The goblin barely misses you. The goblin misses you.
The goblin barely misses you. The hobgoblin closely misses you.
Unknown command.
You closely miss the goblin.
The goblin is moderately wounded.
The goblin hits you.
* * * LOW HITPOINT WARNING * * *
The goblin hits you but does no damage. The goblin barely misses you.
Unknown command.
You hit the goblin.
The goblin is heavily wounded.
The hobgoblin hits you with a club.
You die...

# #..............# #
#..............# ##
##.............#
.############.............#
.#........................#
.#........................#
.'...........#..###########
##...........##gg#
.'...........##g@#
##...........###g#
###########.# #.# #####.#
♣♣♣ #.....# ♣.♣♣♣#####
#.....####### .♣..♣#...#
#...........# ♣♣♣♣.)...#
#...........# ♣ ♣♣#..)#
#...........#


You could see a hobgoblin and 3 goblins.

Vanquished Creatures
  Crazy Yiuf (D:3)
  Ijyb (D:2)
  5 adders
  A worm (D:2)
  2 dart slugs
  A giant gecko (D:2)
  An orc (D:3)
  A ball python (D:1)
  2 giant cockroaches (D:3)
  10 goblins
  10 hobgoblins
  4 jackals (D:3)
  3 kobolds
  A quokka (D:2)
  10 bats
  2 giant newts
  8 rats
63 creatures vanquished.

Notes
Turn   | Place    | Note
--------------------------------------------------------------
     0 | D:1      | Implojin the Mummy Monk began the quest for the Orb.
     0 | D:1      | Reached XP level 1. HP: 18/18 MP: 1/1
   163 | D:1      | Reached XP level 2. HP: 3/24 MP: 2/2
   329 | D:2      | Noticed Ijyb
  1217 | D:1      | Reached skill level 4 in Unarmed Combat
  2050 | D:2      | Reached XP level 3. HP: 17/29 MP: 3/3
  2195 | D:2      | Found a radiant altar of Vehumet.
  2389 | D:2      | Noticed Natasha
  2428 | D:2      | Killed Ijyb
  2690 | D:2      | Reached XP level 4. HP: 27/35 MP: 4/4
  3193 | D:2      | Found an opulent altar of Gozag.
  3513 | D:3      | Reached skill level 5 in Unarmed Combat
  3993 | D:3      | Reached XP level 5. HP: 15/41 MP: 5/5
  4351 | D:3      | Noticed Crazy Yiuf
  4359 | D:3      | Killed Crazy Yiuf
  4647 | D:4      | Found a sparkling altar of Nemelex Xobeh.
  4647 | D:4      | Noticed Robin
  4654 | D:3      | Slain by a hobgoblin

Skill      XL: |  1  2  3  4 |
---------------+-------------+-----
Unarmed Combat | 4 5 |  5.5
Fighting       | |  3.0
Dodging        | |  2.4
Stealth        | |  1.5

Action                   |  1- 3 |  4- 6 || total
-------------------------+-------+-------++-------
Melee: Unarmed           |   125 |   140 ||   265
       Punch             |     3 |     2 ||     5
 Stab: Sleeping          |     1 |     2 ||     3
Dodge: Dodged            |    69 |   104 ||   173

Table legend:
 A = Turns spent in this place as a percentage of turns spent in the entire game.
 B = Non-inter-level travel turns spent in this place as a percentage of non-inter-level travel turns spent in the entire game.
 C = Inter-level travel turns spent in this place as a percentage of turns spent in this place.
 D = Turns resting spent in this place as a percentage of non-inter-level travel turns spent in this place.
 E = Turns spent auto-exploring this place as a percentage of non-inter-level travel turns spent in this place.
 F = Non-inter-level travel turns spent in this place divided by the number of levels of this place that you've seen.
                   A       B       C       D       E      F
               +-------+-------+-------+-------+-------+----------------------
         Total | 100.0 | 100.0 |   0.3 |   4.5 |   4.1 | 367.2
       Dungeon | 100.0 | 100.0 |   0.3 |   4.5 |   4.1 | 367.2
               +-------+-------+-------+-------+-------+----------------------

Table legend:
 A = Kills in this place as a percentage of kills in entire the game.
 B = Kills by you in this place as a percentage of kills by you in the entire game.
 C = Kills by friends in this place as a percentage of kills by friends in the entire game.
 D = Other kills in this place as a percentage of other kills in the entire game.
 E = Experience gained in this place as a percentage of experience gained in the entire game.
 F = Experience gained in this place divided by the number of levels of this place that you have seen.
                   A       B       C       D       E      F
               +-------+-------+-------+-------+-------+----------------------
         Total | 100.0 | 100.0 |  -nan |  -nan | 100.0 |  62.2
       Dungeon | 100.0 | 100.0 |  -nan |  -nan | 100.0 |  62.2
               +-------+-------+-------+-------+-------+----------------------
